 Dungeon Crawl Stone Soup version 0.27.1-33-g824d729ab1 (webtiles) character file.

Game seed: 13834556065331757551

32 Kaiern the Sneak (level 3, 0/19 HPs)
             Began as a Kobold Enchanter on Nov 28, 2021.
             Succumbed to an adder's poison
             ... on level 3 of the Dungeon.
             The game lasted 00:12:19 (2203 turns).

Kaiern the Sneak (Kobold Enchanter)                 Turns: 2203, Time: 00:12:19

Health: 0/19       AC:  3    Str:  6    XL:     3   Next: 42%
Magic:  5/6        EV: 14    Int: 16    God:
Gold:   30         SH:  0    Dex: 15    Spells: 4/7 levels left

rFire    . . .     SeeInvis .   a - +1 dagger
rCold    . . .     Faith    .   (shield restricted)
rNeg     . . .     Spirit   .   n - +0 leather armour
rPois    .         Reflect  .   (no helmet)
rElec    .         Harm     .   l - scarf {repulsion}
rCorr    .         Rampage  .   (no gloves)
Will     .....                  (no boots)
Stlth    +++.......             (no amulet)
HPRegen  0.06/turn              (no ring)
MPRegen  0.10/turn              (no ring)

@: lethally poisoned (0 -> -3), repel missiles
A: small, no large weapons, nightstalker 3
a: no special abilities


You were on level 3 of the Dungeon.
You visited 1 branch of the dungeon, and saw 3 of its levels.

You collected 30 gold pieces.

Inventory:

Hand Weapons
 a - a +1 dagger (weapon)
Missiles
 i - 34 stones
 j - 18 bolts
Armour
 b - a +0 robe
 l - a scarf of repulsion (worn)
 n - a +0 leather armour (worn)
Scrolls
 c - a scroll of teleportation
 d - 2 scrolls of fog {unknown}
 e - a scroll of blinking {unknown}
 f - a scroll of magic mapping {unknown}
 h - 2 scrolls of immolation {unknown}
 k - a scroll of identify {unknown}
 m - a scroll of enchant weapon {unknown}
Potions
 g - a potion of attraction {unknown}


   Skills:
 + Level 2.3 Short Blades
 - Level 2.4 Dodging
 + Level 4.5 Stealth
 + Level 2.6 Spellcasting
 + Level 3.3 Hexes


You had 4 spell levels left.
You knew the following spells:

 Your Spells              Type           Power      Damage    Failure   Level
a - Corona                Hex            13%        N/A       8%          1
b - Ensorcelled Hibernat  Hex/Ice        14%        N/A       22%         2

Your spell library contained the following spells:

 Spells                   Type           Power      Damage    Failure   Level
 Confusing Touch          Hex            12%        N/A       22%         3
 Tukima's Dance           Hex            12%        N/A       22%         3
 Sting                    Tmut/Pois      8%         1d3       30%         1
 Dazzling Flash           Conj/Hex       14%        N/A       41%         3


Dungeon Overview and Level Annotations

Branches:
Dungeon (3/15)

Altars:

Shops:
D:1 *

Annotations:
D:2 Jessica


Innate Abilities, Weirdness & Mutations

You are small and have problems with some larger weapons.
You are completely attuned to the shadows.


Message History

A bat comes into view.
The helpless bat fails to defend itself.
You impale the bat!!
You kill the bat!
An adder comes into view.
The adder hisses angrily.
The adder closely misses you. x2
Casting: Corona (safe; 8% risk of failure)
Confirm with . or Enter, or press ? or * to list all spells.
Aiming: Corona (safe; 8% risk of failure)
Press: ? - help, Shift-Dir - straight line, f - adder
Aim: an adder (chance to affect: 57%)
The adder is outlined in light.
The adder bites you.
You hit the adder.
The adder is lightly wounded.
The adder bites you.
You are poisoned.
The adder poisons you!
You barely miss the adder.
The adder is lightly wounded.
You feel sick. The adder barely misses you.
You hit the adder.
The adder is moderately wounded.
The adder bites you.
You are more poisoned.
The adder poisons you! The adder bites you.
You hit the adder.
The adder is heavily wounded.
You feel sick. The adder misses you.
You hit the adder.
The adder is heavily wounded.
You feel sick. The adder bites you.
* * * LOW HITPOINT WARNING * * *
You hit the adder.
The adder is severely wounded.
* * * LOW HITPOINT WARNING * * *
You feel sick. The adder misses you.
You hit the adder.
The adder is almost dead.
You die...

#... +#...#+
#####.....####
#####.........S...
#..........8.@....
#.###.............
#.###.###.....###.
#.##.## +#...#+
#.##.# #...#
#....# ##..†##
####.# #.....##
#.# #.......#
####.####........


You could see an adder (corona).

Vanquished Creatures
  A dart slug (D:2)
  3 ball pythons
  7 bats
  4 endoplasms
  2 giant cockroaches (D:1)
  A hobgoblin (D:2)
  A quokka (D:1)
  2 frilled lizards (D:1)
  3 goblins (D:2)
  2 kobolds
  A rat (D:1)
27 creatures vanquished.

Notes
Turn   | Place    | Note
-------+----------+-------------------------------------------
     0 | D:1      | Kaiern the Kobold Enchanter began the quest for the Orb.
     0 | D:1      | Reached XP level 1. HP: 10/10 MP: 3/3
    72 | D:1      | Found Tuts's General Store.
   362 | D:1      | Reached XP level 2. HP: 15/15 MP: 5/5
   462 | D:1      | Found a faded altar of an unknown god.
   467 | D:1      | Got Plato's Disquisition on Toxins
   722 | D:1      | Learned a level 2 spell: Ensorcelled Hibernation
  1374 | D:2      | Reached XP level 3. HP: 19/19 MP: 6/6
  1456 | D:2      | Noticed Jessica
  2203 | D:3      | Succumbed to an adder's poison

Illustrated notes

Levels and vault maps discovered:
D:1:      lightli_iron_boxes, layout_loops_corners, serial_shops, shop,
          shapermc_ecumenical_altar_rom_forum
D:2:      layout_loops_ring, grunt_ministairs_8, uniq_jessica
D:3:      layout_loops_cross, grunt_ministairs_6, minmay_misc_feat_chi,
          uniq_ijyb, uniq_grinder

Skill      XL: |  1  2 |
---------------+-------+-----
Short Blades   | 2 |  2.3
Dodging        | |  2.4
Stealth        | |  4.5
Spellcasting   | |  2.6
Hexes          | |  3.3

Action                   || total
-------------------------++-------
Melee: Dagger            ||    56
 Cast: Corona            ||    10
  Use: Scroll            ||     1
 Stab: Sleeping          ||    20
Armor: Robe              ||     8
Dodge: Dodged            ||    29
